 Dungeon Crawl Stone Soup version 0.28-a0-474-g535839065c (webtiles) character file.

Game seed: 8440817676205794501

10948 CraigForest the Protected (level 12, -7/92 HPs)
             Began as a Formicid Delver on Sept 15, 2021.
             Was a Priest of Ashenzari.
             Mangled by an orc warlord (23 damage)
             ... on level 10 of the Dungeon.
             The game lasted 01:27:09 (10743 turns).

CraigForest the Protected (Formicid Delver)        Turns: 10743, Time: 01:27:10

Health: -7/92      AC: 20    Str: 17    XL:     12   Next: 1%
Magic:  13/13      EV:  9    Int: 15    God:    Ashenzari [***...]
Gold:   557        SH:  0    Dex: 12    Spells: 10/11 levels left

rFire   . . .      SeeInvis +   a - +0 lajatang of the Unyielding Gaze {vorpal, Alch, Fort} (curse)
rCold   + . .      Faith    .   (no shield)
rNeg    . . .      Spirit   .   E - +1 chain mail "Oscillating Fan" {rC+, Melee, Fort} (curse)
rPois   .          Reflect  .   (helmet unavailable)
rElec   .          Harm     .   F - +0 cloak of Ashenzari's Ordeal {Melee, Fort} (curse)
rCorr   .          Rampage  .   l - +0 pair of gloves
Will    +....      Clarity  +   J - +0 pair of boots of Ashenzari's Sybil {Alch, Bglg} (curse)
Stlth   ..........              x - amulet of regeneration
HPRegen 1.25/turn               (no ring)
MPRegen 0.13/turn               (no ring)

@: mighty
A: permanent stasis, dig shafts and tunnels, antennae 3, four strong arms,
clarity, high mp 1
a: Dig, Shaft Self, Renounce Religion, Shatter the Chains


You were on level 10 of the Dungeon.
You worshipped Ashenzari.
Ashenzari was most pleased with you.
You visited 2 branches of the dungeon, and saw 11 of its levels.

You collected 734 gold pieces.
You spent 177 gold pieces at shops.

Inventory:

Hand Weapons
 a - the cursed +0 lajatang of the Unyielding Gaze (weapon) {vorpal, Alch, Fort}
   (You found it on level 6 of the Dungeon)

   It inflicts extra damage upon your enemies.
   It has a curse which improves the following skills: Alchemy: Poison Magic and
   Transmutations.
   Fortitude: Armour and Shields.
 b - a +3 quarterstaff of chaos
 g - the +5 rapier of Zin's Displeasure {flame, *Rage rCorr Dex+3}
   (You took it off a centaur on level 10 of the Dungeon)

   It burns those it strikes, dealing additional fire damage.
   Dex:       It affects your dexterity (+3).
   *Rage:     It lets you go berserk by making a melee attack (+20% chance).
   rCorr:     It protects you from acid and corrosion.
 i - a +1 halberd of venom
 m - a +0 hand axe of flaming
 o - a +0 hunting sling
 C - a +3 mace of protection
 P - a +7 great mace
 R - a +0 hand crossbow
Missiles
 u - 8 boomerangs
 M - 6 javelins
 N - 2 curare-tipped darts
 O - 39 poisoned darts
 S - a throwing net
Armour
 l - a +0 pair of gloves (worn)
 n - a +1 ring mail of cold resistance
 q - a +0 robe
 r - +0 acid dragon scales
 z - a +0 cloak
 B - a +0 robe
 E - the cursed +1 chain mail "Oscillating Fan" (worn) {rC+, Melee, Fort}
   (You found it on level 3 of the Dungeon)

   It has a curse which improves the following skills: Melee Combat: Short
   Blades, Long Blades, Axes, Maces & Flails, Polearms, Staves and Unarmed
   Combat.
   Fortitude: Armour and Shields.
 F - the cursed +0 cloak of Ashenzari's Ordeal (worn) {Melee, Fort}
   (You found it on level 2 of the Dungeon)

   It has a curse which improves the following skills: Melee Combat: Short
   Blades, Long Blades, Axes, Maces & Flails, Polearms, Staves and Unarmed
   Combat.
   Fortitude: Armour and Shields.
 J - the cursed +0 pair of boots of Ashenzari's Sybil (worn) {Alch, Bglg}
   (You found it on level 7 of the Dungeon)

   It has a curse which improves the following skills: Alchemy: Poison Magic and
   Transmutations.
   Beguiling: Conjurations, Hexes and Translocations.
 T - +0 acid dragon scales
 Z - a +0 troll leather armour
Magical Staves
 H - a staff of air
 Y - a staff of conjuration
Jewellery
 x - an amulet of regeneration (around neck)
Wands
 f - a wand of digging (5)
 h - a wand of flame (47) (quivered)
 I - a wand of acid (9)
 L - a wand of polymorph (12)
 U - a wand of mindburst (15)
Scrolls
 j - 5 scrolls of amnesia
 v - 2 scrolls of immolation
 A - a scroll of silence
 K - a scroll of summoning
 Q - a scroll of fog
 X - a scroll of fear
Potions
 c - a potion of ambrosia
 d - 2 potions of flight
 e - 2 potions of invisibility
 t - 2 potions of cancellation
 G - 5 potions of curing
 V - a potion of brilliance
 W - a potion of mutation


   Skills:
 - Level 8.0 Fighting
 - Level 2.0(4.2) Axes
 - Level 7.6(10.6) Staves
 - Level 14.0(17.3) Armour
 + Level 3.9 Dodging
 - Level 6.0 Stealth
 - Level 5.4(9.2) Shields
 - Level 1.0(2.1) Conjurations
 - Level 3.0 Evocations


You had 10 spell levels left.
You knew the following spells:

 Your Spells              Type           Power      Damage    Failure   Level
a - Magic Dart            Conj           24%        1d4       56%         1

Your spell library contained the following spells:

 Spells                   Type           Power      Damage    Failure   Level
 Searing Ray              Conj           12%        2d4       71%         2
 Static Discharge         Conj/Air       3%         N/A       85%         2
 Scorch                   Fire           0%         2d5       94%         2
 Flame Wave               Conj/Fire      3%         3d3       100%        4
 Fulminant Prism          Conj/Hex       1%         3d6       100%        4
 Passage of Golubria      Tloc           N/A        N/A       100%        4
 Lightning Bolt           Conj/Air       1%         1d12      100%        5
 Silence                  Hex/Air        0%         N/A       100%        5
 Summon Cactus Giant      Summ           0%         N/A       100%        6
 Lehudib's Crystal Spear  Conj/Erth      1%         10d2      100%        8
 Maxwell's Capacitive Co  Air            0%         ∞         100%        8


Dungeon Overview and Level Annotations

Branches:
Dungeon (10/15)            Temple (1/1) D:6            Lair (0/6) D:10
    Orc (0/2) D:9

Altars:
Ashenzari
Cheibriados
Dithmenos
Elyvilon
Fedhas
Gozag
Hepliaklqana
Kikubaaqudgha
Makhleb
Nemelex Xobeh
Okawaru
Qazlal
Ru
Sif Muna
Trog
Uskayaw
Vehumet
Wu Jian
Xom
Yredelemnul
Zin
The Shining One

Shops:
D:4 [!(*   D:5 ?   D:9 *


Innate Abilities, Weirdness & Mutations

You cannot be hasted, slowed, berserked, paralysed or teleported.
You can dig through walls and to a lower floor.
You have a pair of large antennae on your head. (SInv)
Your four strong arms can wield two-handed weapons with a shield.
You possess an exceptional clarity of mind.
You have an increased reservoir of magic. (+10% MP)


Message History

You hit the orc warlord.
The orc warlord is moderately wounded.
The orc warlord hits you with a +0 battleaxe!
You hit the orc warlord.
The orc warlord is moderately wounded.
You hit the orc warlord.
The orc warlord is moderately wounded.
The orc warlord hits you with a +0 battleaxe!
You hit the orc warlord.
The orc warlord is moderately wounded.
The orc warlord hits you but does no damage.
You slash the orc warlord!
The orc warlord is heavily wounded.
The orc warlord hits you but does no damage.
You slice the orc warlord!!
The orc warlord is severely wounded.
The orc warlord hits you with a +0 battleaxe!!
You hit the orc warlord.
The orc warlord is severely wounded.
The orc warlord hits you with a +0 battleaxe!!
* * * LOW HITPOINT WARNING * * *
You hit the orc warlord.
The orc warlord is severely wounded.
The orc warlord barely misses you.
You hit the orc warlord.
The orc warlord is almost dead.
The orc warlord hits you with a +0 battleaxe!
* * * LOW HITPOINT WARNING * * *
You feel much better.
The orc warlord hits you with a +0 battleaxe!
* * * LOW HITPOINT WARNING * * *
You feel very mighty all of a sudden.
The orc warlord hits you with a +0 battleaxe.
* * * LOW HITPOINT WARNING * * *
You closely miss the orc warlord.
The orc warlord is almost dead.
You barely miss the orc warlord.
The orc warlord is almost dead.
The orc warlord hits you with a +0 battleaxe!!
You die...

..# #.............#
##.P. ..#
#.............# #....
..# * *#.######.##...#
###...P ... ,
...#...#...#
..###....P. ... ...
#.*#..#.# ,.##.)P...P
.. #.###...# ,
#.....P. ,
,,,##.###.##,
.......PPP ,
####o###.# .....PPP.P
*
#DWT#@##.#,,......PPPP
,#}DQ##...# ....P.PP.P
* ,##Oe######
.###.P..P† ,, , ###*,
,,,, , #..P..P , ,*, ,
, ,,* ##..P.P , , ,
*** #...P. , , , * ,
##P..P , , #...P ,, *
,, ##..P


You could see an orc warlord, a storm dragon, a fire dragon, a tengu reaver, a
flayed ghost, an ogre mage, a deep elf knight and a deep troll earth mage.

Vanquished Creatures
  Harold (D:8)
  A two-headed ogre (D:10)
  The ghost of Dittersdorf the Skirmisher, a novice GrFi of Okawaru (D:7)
  The ghost of ragingrage the Poker, a novice DsCK of Xom (D:6)
  Maggie (D:8)
  A komodo dragon (D:10)
  2 trolls
  Grinder (D:4)
  A hornet (D:8)
  A wraith (D:6)
  Sigmund (D:2)
  10 yaks (D:8)
  4 vampire mosquitoes (D:8)
  Menkaure (D:4)
  4 water moccasins
  An acid dragon (D:9)
  2 sky beasts
  4 black bears
  4 ice beasts
  7 ogres
  3 centaurs
  3 kobold brigands
  Blork the orc (D:5)
  3 bullfrogs (D:10)
  6 scorpions
  2 wyvern zombies
  A water moccasin skeleton (D:5)
  11 killer bees
  5 howler monkeys
  A crimson imp (D:9)
  3 centaur zombies
  2 bullfrog skeletons
  2 gnoll shamans
  3 hounds
  Crazy Yiuf (D:5)
  3 centaur skeletons
  2 orc priests
  2 iguanas
  Ijyb (D:4)
  Terence (D:2)
  Natasha (thrice) (D:3)
  6 orc wizards
  A hound skeleton (D:5)
  3 howler monkey zombies
  10 gnolls
  8 adders
  A howler monkey skeleton (D:6)
  4 white imps
  An ufetubus (D:4)
  2 adder skeletons
  2 worms (D:2)
  4 dart slugs
  21 orcs
  7 bats
  5 endoplasms
  A giant cockroach (D:2)
  5 goblins
  3 hobgoblins
  4 jackals (D:3)
  20 kobolds
  3 quokkas
  A ball python (D:4)
  2 frilled lizards
  5 rats
227 creatures vanquished.

Vanquished Creatures (others)
  31 fungi (D:10)
  34 plants
65 creatures vanquished.

Grand Total: 292 creatures vanquished

Notes
Turn   | Place    | Note
-------+----------+-------------------------------------------
     0 | D:5      | CraigForest the Formicid Delver began the quest for the
                  | Orb.
     0 | D:5      | Reached XP level 1. HP: 18/18 MP: 1/1
    49 | D:6      | Found a transporter.
   118 | D:4      | Found Huheud's Antique Weapon Shoppe.
   124 | D:4      | Noticed Grinder
   128 | D:4      | Reached skill level 1 in Staves
   145 | D:4      | Found Jafrav's Distillery.
   155 | D:4      | Found Pial's Antique Armour Shoppe.
   167 | D:4      | Reached XP level 2. HP: 20/24 MP: 2/2
   167 | D:4      | Reached XP level 3. HP: 24/29 MP: 3/3
   310 | D:4      | Noticed a scorpion
   321 | D:4      | Reached XP level 4. HP: 10/37 MP: 4/4
   488 | D:4      | Reached XP level 5. HP: 34/42 MP: 5/5
   550 | D:4      | Found Zevog's Assorted Antiques.
   551 | D:4      | Noticed Ijyb
   566 | D:4      | Gained mutation: You are weak. (Str -2) [potion of
                  | mutation]
   566 | D:4      | Gained mutation: You are partially covered in iridescent
                  | scales. (AC +2) [potion of mutation]
   567 | D:4      | Killed Ijyb
   570 | D:4      | HP: 2/42 [poisoned by Ijyb]
   572 | D:4      | Bought a blue potion for 25 gold pieces
   572 | D:4      | Bought a glowing red potion for 25 gold pieces
  1277 | D:4      | Reached XP level 6. HP: 50/50 MP: 6/6
  1312 | D:4      | HP: 1/50 [Grinder/nerve-wracking pain (6)]
  1313 | D:4      | Killed Grinder
  1314 | D:4      | Reached skill level 5 in Fighting
  1314 | D:4      | Reached skill level 5 in Staves
  1314 | D:4      | Reached XP level 7. HP: 1/57 MP: 7/7
  1795 | D:5      | Reached skill level 1 in Armour
  1886 | D:5      | Found a runed translucent door.
  1886 | D:5      | Noticed Crazy Yiuf
  1893 | D:5      | Killed Crazy Yiuf
  1894 | D:5      | Reached skill level 2 in Armour
  2193 | D:3      | Reached skill level 3 in Armour
  2208 | D:3      | Learned a level 1 spell: Magic Dart
  2274 | D:3      | Noticed Natasha
  2279 | D:3      | Killed Natasha
  2468 | D:3      | Noticed Natasha
  2471 | D:3      | Killed Natasha
  2839 | D:5      | Reached skill level 4 in Armour
  2839 | D:5      | Reached XP level 8. HP: 39/64 MP: 8/8
  2841 | D:5      | Noticed Menkaure
  3280 | D:3      | Noticed Natasha
  3286 | D:3      | Killed Natasha
  3507 | D:4      | Killed Menkaure
  3508 | D:4      | Reached skill level 5 in Armour
  3670 | D:6      | Found a staircase to the Ecumenical Temple.
  3679 | Temple   | Entered the Ecumenical Temple
  3806 | Temple   | Became a worshipper of the Shining One
  3842 | D:6      | Reached skill level 6 in Armour
  4005 | D:6      | Found a broken altar of Ashenzari.
  4005 | D:6      | Found a blossoming altar of Fedhas.
  4010 | D:6      | Fell from the grace of the Shining One
  4010 | D:6      | Became a worshipper of Ashenzari the Shackled
  4016 | D:6      | Noticed a wraith
  4033 | D:6      | Killed a wraith
  4034 | D:6      | Reached skill level 7 in Armour
  4096 | D:6      | Reached skill level 1 in Evocations
  4096 | D:6      | Reached XP level 9. HP: 16/72 MP: 9/9
  4477 | D:5      | Noticed Blork the orc
  4489 | D:5      | Killed Blork the orc
  4515 | D:5      | Found Ytipnoi's Magic Scroll Shop.
  5375 | D:2      | Noticed Terence
  5375 | D:2      | Noticed Sigmund
  5397 | D:2      | Killed Terence
  5737 | D:2      | Found a faded altar of an unknown god.
  5835 | D:2      | Killed Sigmund
  5838 | D:2      | Lost mutation: You are partially covered in iridescent
                  | scales. (AC +2) [potion of mutation]
  5838 | D:2      | Lost mutation: You are weak. (Str -2) [potion of mutation]
  5838 | D:2      | Gained mutation: You are dopey. (Int -2) [potion of
                  | mutation]
  5838 | D:2      | Gained mutation: Your body sometimes deteriorates upon
                  | taking damage. [potion of mutation]
  5838 | D:2      | Gained mutation: You are somewhat resistant to further
                  | mutation. [potion of mutation]
  6241 | D:4      | Bought a potion of mutation for 104 gold pieces
  6241 | D:4      | Lost mutation: You are dopey. (Int -2) [potion of mutation]
  6241 | D:4      | Lost mutation: Your body sometimes deteriorates upon taking
                  | damage. [potion of mutation]
  6241 | D:4      | Lost mutation: You are somewhat resistant to further
                  | mutation. [potion of mutation]
  6241 | D:4      | Gained mutation: You have an increased reservoir of magic.
                  | (+10% MP) [potion of mutation]
  6241 | D:4      | Gained mutation: You possess an exceptional clarity of
                  | mind. [potion of mutation]
  6422 | D:1      | Reached * piety under Ashenzari
  7153 | D:6      | Found a transporter.
  7154 | D:6      | Noticed ragingrage's ghost (novice DsCK)
  7185 | D:6      | Killed ragingrage's ghost
  7230 | D:6      | Reached skill level 1 in Conjurations
  7439 | D:6      | Reached skill level 8 in Armour
  7791 | D:7      | Reached XP level 10. HP: 79/79 MP: 11/11
  7805 | D:7      | Reached skill level 9 in Armour
  8231 | D:7      | Reached skill level 10 in Armour
  8245 | D:7      | Noticed Dittersdorf's ghost (novice GrFi)
  8246 | D:7      | Found a transporter.
  8254 | D:7      | Found a transporter.
  8284 | D:7      | Killed Dittersdorf's ghost
  8480 | D:8      | Reached skill level 11 in Armour
  8561 | D:8      | Noticed Harold
  8598 | D:8      | Reached skill level 12 in Armour
  8643 | D:8      | Killed Harold
  8644 | D:8      | Reached XP level 11. HP: 35/84 MP: 12/12
  8649 | D:8      | Reached skill level 13 in Armour
  8892 | D:8      | Reached skill level 14 in Armour
  9208 | D:8      | Noticed Maggie
  9222 | D:8      | Killed Maggie
  9630 | D:9      | Reached ** piety under Ashenzari
  9664 | D:9      | Found Naumniwn's Assorted Antiques.
  9672 | D:9      | Bought a white potion for 23 gold pieces
  9868 | D:9      | Found a staircase to the Orcish Mines.
 10300 | D:10     | Entered Level 10 of the Dungeon
 10321 | D:10     | Reached skill level 1 in Shields
 10323 | D:10     | Found a staircase to the Lair.
 10336 | D:10     | Reached *** piety under Ashenzari
 10348 | D:10     | Noticed a two-headed ogre
 10360 | D:10     | Killed a two-headed ogre
 10416 | D:10     | Reached skill level 5 in Shields
 10668 | D:10     | Identified the +5 rapier of Zin's Displeasure {flame, *Rage
                  | rCorr Dex+3}
 10708 | D:10     | Found a runed translucent door.
 10708 | D:10     | Noticed a storm dragon
 10708 | D:10     | Noticed a tengu reaver
 10708 | D:10     | Noticed an orc warlord
 10708 | D:10     | Identified the +9 long sword "Faiheup" {speed, +Blink
                  | Str+2}
 10709 | D:10     | Noticed a fire dragon
 10709 | D:10     | Noticed a flayed ghost
 10721 | D:10     | Reached XP level 12. HP: 92/92 MP: 13/13
 10722 | D:10     | Noticed a deep troll earth mage
 10722 | D:10     | Noticed an ogre mage
 10722 | D:10     | Noticed a deep elf knight
 10743 | D:10     | Mangled by an orc warlord

Illustrated notes

Levels and vault maps discovered:
D:1:      onia_arrival_pyramid, layout_loops_ring
D:2:      layout_basic, shapermc_ecumenical_altar_mp_vishouse,
          chequers_big_river, minmay_quadrilaterals, uniq_terence, uniq_sigmund
D:3:      layout_loops_cross, minmay_misc_feat_doors, uniq_natasha
D:4:      layout_rooms, serial_shops, shop, nicolae_shop_overgrown_old_shop,
          shop, shop_statue, uniq_grinder, uniq_ijyb
D:5:      layout_rooms, serial_shops, shop_fountains, uniq_menkaure,
          uniq_blork_the_orc, uniq_crazy_yiuf_cottage
D:6:      layout_gridville, jmf_multi_god_temple, lemuel_temple_firewalk_b,
          gammafunk_ghost_mausoleum
D:7:      layout_rooms, gammafunk_ghost_smash
D:8:      layout_rooms, fountainhead, uniq_maggie, uniq_harold
D:9:      layout_basic, orc_0_dummy, serial_shops, shop, minmay_fire_ice_demons
D:10:     minmay_gate_of_8, layout_irregular_city, due_lair_maze_entry_diamond,
          minmay_misc_feat_secret_circle
Temple:   regret_index_temple_chain_breaker

Skill      XL: |  1  2  3  4  5  6  7  8  9 10 11 |
---------------+----------------------------------+-----
Staves         | 2 3 4 5 7 |  7.6
Dodging        | 2 3 |  3.9
Fighting       | 4 5 6 7 8 |  8.0
Armour         | 4 7 8 12 14 | 14.0
Evocations     | 1 3 |  3.0
Conjurations   | 1 |  1.0
Shields        | 5 |  5.4
Axes           | |  2.0
Stealth        | |  6.0

Action                   |  1- 3 |  4- 6 |  7- 9 | 10-12 || total
-------------------------+-------+-------+-------+-------++-------
Melee: Lajatang          |    14 |    40 |   213 |   534 ||   801
       Quarterstaff      |       |       |   110 |       ||   110
 Cast: Magic Dart        |       |       |     5 |       ||     5
Invok: Curse Item        |       |       |     2 |     2 ||     4
 Abil: Dig               |       |     3 |    12 |     3 ||    18
Evoke: Wand              |       |     2 |     6 |    12 ||    20
  Use: Scroll            |     1 |     1 |     3 |     1 ||     6
       Potion            |       |     2 |     5 |     2 ||     9
 Stab: Sleeping          |     2 |     1 |     5 |       ||     8
       Petrifying        |       |       |     1 |       ||     1
Armor: Leather armour    |     6 |       |       |       ||     6
       Ring mail         |     1 |     3 |    19 |       ||    23
       Scale mail        |       |     2 |    45 |       ||    47
       Chain mail        |       |       |    83 |   390 ||   473
       Skin              |       |       |     3 |       ||     3
Dodge: Dodged            |     9 |    16 |   143 |   307 ||   475

Table legend: (Time is in decaauts)
 A = Elapsed time spent in this place.
 B = Non-inter-level travel time spent in this place.
 C = Inter-level travel time spent in this place.
 D = Time resting spent in this place.
 E = Time spent auto-exploring this place.
 F = Levels seen in this place.
 G = Mean time per level.
                   A        B        C        D        E       F      G
               +--------+--------+--------+--------+--------+-----+--------+
         Total |  10773 |  10280 |    493 |   2478 |   3728 |  11 |  979.4 |
       Dungeon |  10630 |  10137 |    493 |   2478 |   3638 |  10 | 1063.0 |
        Temple |    142 |    142 |      0 |      0 |     90 |   1 |  142.0 |
               +--------+--------+--------+--------+--------+-----+--------+

Top non-repeatable levels by time:
     D:4: 2134 daAuts
     D:6: 1426 daAuts
     D:3: 1400 daAuts
     D:5: 1138 daAuts
     D:9: 975 daAuts
     D:2: 938 daAuts
     D:8: 838 daAuts
     D:7: 684 daAuts
     D:1: 666 daAuts
    D:10: 427 daAuts
  Temple: 142 daAuts
